 Dungeon Crawl Stone Soup version 0.20.1-1-g8b1a95d (webtiles) character file.

1662902 Kagerus the Axe Maniac (level 27, 273/273 HPs)
             Began as a Minotaur Berserker on July 30, 2017.
             Was a High Priest of Trog.
             Escaped with the Orb
             ... and 3 runes on July 31, 2017!
             The game lasted 05:54:21 (85589 turns).

Kagerus the Axe Maniac (Minotaur Berserker)        Turns: 85589, Time: 05:54:22

Health: 273/273    AC: 41    Str: 28    XL:     27
Magic:  41/41      EV: 24    Int:  6    God:    Trog [*****.]
Gold:   7531       SH:  3    Dex: 18    Spells: 26/26 levels left

rFire    + + +     SeeInvis .   v - +1 executioner's axe "Ciuryel" {flame, rN+ MR+ Str-4 Stlth+}
rCold    + + .     Gourm    .   (shield currently unavailable)
rNeg     + + .     Faith    .   b - +12 gold dragon scales
rPois    +         Spirit   .   (helmet restricted)
rElec    .         Reflect  +   L - +0 cloak of Yfoeditip {Slay+4}
rCorr    .         Harm     .   u - +0 pair of fencer's gloves {+Riposte Dex+3}
MR       +++..                  e - +2 pair of boots
Stlth    ..........             R - +3 amulet of reflection
Regen    0.6/turn               G - ring "Pihid" {*Contam rF+++ rC+ Str+4 Int+2}
MPRegen  0.3/turn               d - ring "Ezorik" {*Contam rPois rN+ MP+9}

@: hasted, very quick
A: retaliatory headbutt, horns 2, clumsy 1, deformed body, low mp 1, subdued
magic 1, MP-powered wands
0: Orb of Zot
}: 3/15 runes: barnacled, silver, gossamer
a: Berserk, Trog's Hand, Brothers in Arms, Burn Spellbooks, Renounce Religion


You escaped.
You worshipped Trog.
Trog was extremely pleased with you.
You were very full.

You visited 10 branches of the dungeon, and saw 52 of its levels.
You visited 1 bazaar.
You visited 1 ziggurat, and saw 10 of its levels.
You also visited: Trove, Ossuary, Bailey, Volcano and Desolation.

You collected 9353 gold pieces.
You spent 1822 gold pieces at shops.

Inventory:

Hand Weapons
 v - the +1 executioner's axe "Ciuryel" (weapon) {flame, rN+ MR+ Str-4 Stlth+}
   (You found it on level 6 of a ziggurat)

   It has been specially enchanted to burn those struck by it, causing extra
   injury to most foes and up to half again as much damage against particularly
   susceptible opponents.
   Big, fiery blades are also staple armaments of hydra-hunters.
   It affects your strength (-4).
   It protects you from negative energy.
   It affects your resistance to hostile enchantments.
   It makes you more stealthy.
 B - a +6 antimagic executioner's axe
 K - a +9 executioner's axe of freezing
Missiles
 p - 6 silver javelins
 M - 22 poisoned javelins (quivered)
Armour
 b - +12 gold dragon scales (worn)
 e - a +2 pair of boots (worn)
 u - the +0 pair of fencer's gloves (worn) {+Riposte Dex+3}
   (You acquired it in a bailey)

   It affects your dexterity (+3).
 L - the +0 cloak of Yfoeditip (worn) {Slay+4}
   (You found it on level 12 of the Dungeon)

   It affects your accuracy and damage with ranged weapons and melee attacks
   (+4).
Jewellery
 d - the ring "Ezorik" (right hand) {*Contam rPois rN+ MP+9}
   (You took it off a deep elf death mage on level 3 of the Elven Halls)

   [ring of magical power]

   It protects you from poison.
   It protects you from negative energy.
   It affects your magic capacity (+9).
   It causes magical contamination when unequipped.
 G - the ring "Pihid" (left hand) {*Contam rF+++ rC+ Str+4 Int+2}
   (You found it on level 5 of the Dungeon)

   [ring of strength]

   It affects your strength (+4).
   It affects your intelligence (+2).
   It renders you almost immune to fire.
   It protects you from cold.
   It causes magical contamination when unequipped.
 R - a +3 amulet of reflection (around neck)
Wands
 a - a wand of disintegration (15/24)
 k - a wand of digging (7/24)
 q - a wand of scattershot (1/9)
 t - a wand of clouds (7/9)
 D - a wand of clouds (2/9)
 E - a wand of lightning (7/15)
 Q - a wand of iceblast (3/15)
 V - a wand of iceblast (8/15)
Scrolls
 h - 4 scrolls of identify
 j - 3 scrolls of magic mapping
 l - a scroll of summoning
 n - 25 scrolls of remove curse
 o - 4 scrolls of fear
 r - 12 scrolls of recharging
 s - 4 scrolls of enchant armour
 y - 3 scrolls of noise
 F - 6 scrolls of blinking
 H - 10 scrolls of teleportation
 U - 2 scrolls of silence
 X - 6 scrolls of fog
Potions
 f - 9 potions of agility
 g - 3 potions of heal wounds
 i - 33 potions of curing
 m - 6 potions of might
 z - 12 potions of ambrosia
 A - 4 potions of haste
 C - 8 potions of brilliance
 I - 9 potions of flight
 J - 2 potions of resistance
 N - a potion of invisibility
 P - 5 potions of cancellation
Miscellaneous
 x - a lightning rod (4/4)
 O - a phantom mirror
 S - a phial of floods
 T - a fan of gales
Comestibles
 c - 17 bread rations
 w - 4 meat rations


   Skills:
 O Level 27 Fighting
 O Level 27 Axes
 O Level 27 Armour
 O Level 27 Dodging
 + Level 20.1 Evocations


You had 26 spell levels left.
You didn't know any spells.

Dungeon Overview and Level Annotations

Branches:
Dungeon (15/15)            Temple (0/1) D:7            Lair (6/6) D:9
 Shoals (4/4) Lair:4       Spider (4/4) Lair:2        Slime (0/5) Lair:5
    Orc (2/2) D:9             Elf (3/3) Orc:2        Vaults (5/5) D:13
  Crypt (3/3) Vaults:3       Tomb (0/3) Crypt:3      Depths (5/5) D:15
    Zot (5/5) Depths:5

Altars:
Cheibriados
Elyvilon
Fedhas
Hepliaklqana
Nemelex Xobeh
Qazlal
Ru
Uskayaw
Vehumet
Yredelemnul
Zin
The Shining One
Jiyva

Shops:
D:11 *!   D:14 *   Orc:2 !:?(   Elf:2 *!(   Elf:3 *   Shoals:1 ?   Vaults:2 %
Vaults:5 [   Depths:3 }=}

Portals:
Hell: Depths:1 Depths:2 Depths:3 Depths:4 Depths:5
Abyss: Depths:3 Depths:4 Depths:5
Pandemonium: Orc:2 Depths:3


Innate Abilities, Weirdness & Mutations

You reflexively headbutt those who attack you in melee.
You have a pair of horns on your head.
You are clumsy. (Dex -2)
Armour fits poorly on your strangely shaped body.
Your magical capacity is low. (-10% MP)
Your spells are a little easier to cast, but a little less powerful.
You expend magic power (3 MP) to strengthen your wands.


Message History

The Executioner completely misses you.
The Executioner hits you but does no damage.
The Executioner completely misses you. You furiously retaliate!
You headbutt the Executioner!
You riposte.
You completely miss the Executioner. You headbutt the Executioner!
You kill the Executioner!
Trog accepts your kill.
You block the large abomination's attack.
You feel yourself speed up.
A hobgoblin comes into view. It is wielding a club.
The hobgoblin shouts!
You block the hobgoblin's attack.
A chaos spawn comes into view.
The chaos spawn howls!
There is a dry fountain here.
An iron imp comes into view.
The chaos spawn misses you.
A crimson imp comes into view.
There is a staircase leading out of the dungeon here.
You have escaped!

#........##
###
##........##
#..5......##
#.54.....(.#
##........##
#.......##
##...####
#..## #@##
###


You could see a chaos spawn, an iron imp and a crimson imp.

Vanquished Creatures
  The ghost of ANON1729 the Ruinous, a legendary TeFE of Vehumet (Vaults:5)
  2 orbs of fire (Zot:5)
  2 ancient liches
  2 juggernauts
  The ghost of Gargoyl the Executioner, a master MiAK of Lugonu (Zot:1)
  A shard shrike (Zig:9)
  Saint Roka (Vaults:2)
  8 Killer Klowns
  A caustic shrike (shapeshifter) (Depths:4)
  2 caustic shrikes
  4 curse toes
  A golden dragon (shapeshifter) (Depths:4)
  Jory (Crypt:3)
  11 golden dragons
  5 electric golems
  A hellephant (Depths:5)
  4 liches (Crypt:3)
  Asterion (Elf:3)
  15 tentacled monstrosities
  2 deep elf blademasters (Elf:3)
  27 Orb Guardians
  2 deep elf master archers (Elf:3)
  5 titans
  4 quicksilver dragons
  An acid blob (Zig:6)
  5 death cobs
  3 ancient champions
  6 sphinxes
  11 storm dragons
  An Executioner (D:1)
  A kraken (Shoals:1)
  13 tengu reavers
  Ilsuiw (Shoals:4)
  Roxanne (Elf:2)
  A shadow dragon (shapeshifter) (Zig:3)
  14 shadow dragons
  5 draconian monks
  12 fire giants
  16 frost giants
  A fire giant (shapeshifter) (Depths:4)
  Louise (Elf:1)
  An iron dragon (shapeshifter) (Depths:4)
  9 draconian knights
  A caustic shrike zombie (Zig:9)
  8 ghost moths
  An iron dragon (Depths:3)
  5 draconian shifters
  A curse skull (Crypt:2)
  8 deep elf sorcerers
  4 deep elf elementalists
  9 ghouls
  11 draconian scorchers
  15 vault wardens
  7 emperor scorpions
  6 draconian stormcallers
  3 orc warlords
  5 war gargoyles
  3 spriggan defenders (Depths:3)
  21 ironheart preservers
  6 draconian annihilators
  17 vampire knights
  25 very ugly things
  11 green draconians
  32 stone giants
  Azrael (Orc:2)
  Nessos (D:12)
  4 entropy weavers
  3 dire elephants
  3 halazid warlocks (Desolation)
  6 deep elf demonologists
  8 black draconians
  12 white draconians
  18 yellow draconians
  9 deep elf annihilators
  10 red draconians
  12 purple draconians
  7 spark wasps
  4 merfolk javelineers
  3 crystal guardians
  10 fire dragons
  10 merfolk impalers
  3 eidola
  10 deep elf death magi
  2 ragged hierophants (Desolation)
  Snorg (Lair:6)
  Josephine (D:14)
  A quicksilver dragon zombie (Zig:9)
  20 ettins
  An ettin (shapeshifter) (Depths:2)
  17 ogre magi
  8 rakshasas
  5 deep elf high priests
  14 jiangshi
  17 yaktaur captains
  16 great orbs of eyes
  3 ice dragons (shapeshifter)
  5 servants of whispers (Desolation)
  The ghost of Wabnappa the Fighter, a journeyman DsBe of Trog (Lair:2)
  12 ice dragons
  32 vault guards
  2 catoblepae
  15 hydras
  5 death knights
  The ghost of McKennaii the Thaumaturge, a journeyman DrCj of Sif Muna (D:9)
  3 spriggan air magi
  4 juggernaut simulacra (Depths:4)
  7 peacekeepers
  4 merfolk aquamancers
  9 centaur warriors
  Erica (D:11)
  An alligator snapping turtle (Shoals:4)
  An anaconda (shapeshifter) (Depths:4)
  16 deep troll shamans
  17 death yaks
  5 merfolk avatars
  43 two-headed ogres
  A two-headed ogre (shapeshifter) (Vaults:3)
  8 death scarabs (Spider:4)
  14 deep troll earth magi
  15 vampire magi
  2 satyrs (Shoals:3)
  38 dancing weapons
  A death yak (shapeshifter) (Depths:4)
  3 spriggan berserkers
  7 orc high priests
  6 tengu warriors
  3 soul eaters
  2 storm dragon zombies (Crypt:3)
  Nergalle (Lair:1)
  A spriggan (Depths:3)
  A sun demon (D:8)
  29 deep elf knights
  12 hell knights
  A titan skeleton (Crypt:2)
  3 small abominations
  A storm dragon skeleton (Crypt:1)
  A golden dragon zombie (Crypt:3)
  2 shadow wraiths
  26 skeletal warriors
  4 iron trolls
  The ghost of WobbleTop the Covert, a novice VSAs of Cheibriados (Bailey)
  4 glowing orange brains
  A torturous demonspawn (Orc:2)
  39 deep trolls
  12 flayed ghosts
  3 unseen horrors
  3 wizards
  11 deep elf archers
  4 starcursed masses (Zig:1)
  A swamp dragon (shapeshifter) (Vaults:3)
  17 sea snakes
  A spectral wolf spider (Spider:4)
  A kraken simulacrum (Shoals:4)
  An obsidian statue (Volcano)
  A shadow dragon zombie (Zig:9)
  19 ironbrand convokers
  A lindwurm (D:13)
  2 iron dragon zombies (Crypt:3)
  An anaconda skeleton (Crypt:1)
  Pikel (D:7)
  16 orc sorcerers
  2 wolf spider zombies
  5 necromancers
  22 orb spiders
  22 orc knights
  25 harpies
  19 phantasmal warriors
  An orb spider (shapeshifter) (Vaults:2)
  12 oklob plants
  A shadow dragon skeleton (Crypt:1)
  47 deep elf magi
  A shining eye (shapeshifter) (Depths:3)
  54 ugly things
  36 wolf spiders
  7 cyclopes
  17 fauns
  25 moths of wrath
  22 manticores
  3 black mambas
  6 elephants (Lair:6)
  2 guardian serpents (Desolation)
  A rust devil (D:6)
  3 stone giant skeletons
  12 merfolk sirens
  A guardian serpent (shapeshifter) (Depths:4)
  5 molten gargoyles
  18 vault sentinels
  5 water nymphs
  An orange demon (Orc:2)
  3 smoke demons
  A titan simulacrum (Crypt:1)
  A dire elephant zombie (Crypt:3)
  Joseph (D:7)
  3 gargoyles
  An eye of devastation (Zig:6)
  3 naga magi (Zig:4)
  3 large abominations
  An emperor scorpion zombie (Crypt:3)
  A torpor snail (Spider:2)
  An efreet (Depths:4)
  75 yaktaurs
  12 spiny frogs
  A rime drake (shapeshifter) (Vaults:4)
  An alligator snapping turtle zombie (Crypt:1)
  4 spectral redbacks (Spider:4)
  2 tengu conjurers
  2 ice devils
  3 kobold demonologists (D:14)
  17 demonic crawlers
  6 rime drakes
  A tormentor (Zig:3)
  A golden dragon simulacrum (Crypt:1)
  2 catoblepas zombies
  15 freezing wraiths
  3 komodo dragons
  A grey draconian skeleton (Crypt:2)
  A queen bee (shapeshifter) (Vaults:3)
  15 trolls
  A troll (shapeshifter) (D:13)
  50 jumping spiders
  A polar bear (shapeshifter) (Depths:1)
  3 red devils
  36 merfolk
  A meliai (shapeshifter) (Vaults:3)
  7 hornets
  2 spectral tarantellas (Spider:4)
  2 wind drakes (shapeshifter)
  2 merfolk (shapeshifter)
  10 wind drakes
  A polar bear (Lair:6)
  5 spectral jumping spiders (Spider:4)
  35 slime creatures
  Grinder (D:6)
  A death drake skeleton (Crypt:2)
  44 saltlings
  A blink frog (shapeshifter) (Vaults:3)
  A jumping spider zombie (Spider:4)
  A human simulacrum (Vaults:2)
  32 blink frogs
  12 snapping turtles
  An alligator zombie (Crypt:3)
  A fire dragon zombie (Crypt:1)
  6 dream sheep
  A meliai zombie (D:12)
  A hippogriff (shapeshifter) (Vaults:1)
  19 hippogriffs
  4 air elementals
  3 bog bodies
  2 ettin zombies (Crypt:3)
  2 dream sheep (shapeshifter)
  Sigmund (D:2)
  100 redbacks
  A wyvern (shapeshifter) (Vaults:4)
  3 wyverns
  A redback (shapeshifter) (Depths:2)
  11 wraiths
  A fire dragon skeleton (Crypt:1)
  2 shadows
  5 fire bats (Volcano)
  60 tarantellas
  15 water elementals
  2 ynoxinuls
  5 basilisks
  2 spriggans (shapeshifter)
  3 steam dragons (Shoals:4)
  52 yaks
  5 vampire mosquitoes
  18 vampires (Crypt:3)
  4 fire elementals
  2 hogs (shapeshifter)
  A golden eye (Zig:6)
  2 hungry ghosts
  2 chaos spawn (Zig:3)
  A merfolk zombie (Crypt:3)
  A harpy simulacrum (Depths:4)
  A soldier ant (D:14)
  12 wargs
  2 hell hounds
  An infernal demonspawn skeleton (Crypt:1)
  A spectral hornet (Spider:4)
  A floating eye (shapeshifter) (Zig:3)
  2 human skeletons (Zig:9)
  Duvessa (D:7)
  16 water moccasins
  9 porcupines
  2 snapping turtle zombies
  5 ice beasts
  6 black bears
  78 orc warriors
  A slave (D:7)
  A necrophage (Crypt:3)
  3 sky beasts
  2 phantoms
  57 wolves
  37 ogres
  10 boggarts
  A centaur (shapeshifter) (Vaults:2)
  A dream sheep skeleton (Crypt:3)
  A hog zombie (Crypt:1)
  4 big kobolds
  12 crocodiles
  A rime drake zombie (Crypt:1)
  19 centaurs
  23 bullfrogs
  2 earth elementals (Elf:1)
  A glowing shapeshifter simulacrum (Vaults:2)
  A warg zombie (Crypt:2)
  A water moccasin zombie (Crypt:3)
  2 water moccasin skeletons (D:5)
  Dowan (D:7)
  4 scorpions
  A troll zombie (Crypt:2)
  The ghost of Hydus the Skirmisher, a weakling DrAK of Lugonu (D:4)
  18 killer bees
  20 wights
  A howler monkey (D:13)
  6 electric eels
  5 bullfrog zombies
  6 crimson imps
  12 lava snakes
  33 orc priests
  A quasit (D:12)
  6 centaur skeletons
  9 hounds
  5 centaur zombies
  4 bullfrog skeletons
  An iron imp (Depths:3)
  3 jellies
  24 orc wizards
  2 iguanas
  A porcupine zombie (Crypt:3)
  7 worker ants
  2 killer bee zombies (Ossuary)
  A crocodile zombie (Crypt:1)
  A sky beast zombie (Crypt:1)
  A big kobold zombie (Crypt:2)
  A deep dwarf zombie (Crypt:3)
  2 hound zombies (Ossuary)
  16 mummies
  A hound skeleton (D:11)
  A worker ant zombie (Ossuary)
  A howler monkey zombie (Ossuary)
  14 gnolls
  13 adders
  An adder (shapeshifter) (Depths:4)
  A howler monkey skeleton (Crypt:3)
  A scorpion zombie (Crypt:3)
  4 shadow imps
  2 white imps (Zig:9)
  An ooze (D:5)
  3 adder skeletons
  4 adder zombies (Ossuary)
  5 worms
  A barachi zombie (Crypt:3)
  4 dart slugs
  4 leopard geckos
  153 orcs
  A ball python (D:6)
  14 bats
  6 giant cockroaches
  31 goblins
  29 hobgoblins
  7 jackals (D:5)
  6 quokkas
  4 frilled lizards
  A jackal skeleton (D:5)
  A jackal zombie (Ossuary)
  19 kobolds
  A leopard gecko skeleton (D:4)
  2 leopard gecko zombies
  2 orc zombies (D:5)
  A quokka skeleton (D:9)
  3 quokka zombies
  9 rats
  A rat skeleton (Crypt:3)
  9 bushes (Zot:3)
  3 crawling corpses
  11 fungi
  35 plants
  4 tentacles (Shoals:1)
  2 withered plants (Ossuary)
3225 creatures vanquished.

Vanquished Creatures (collateral kills)
  A juggernaut (Depths:3)
  An orb of fire (Zot:5)
  An ancient lich (Zot:5)
  An electric golem (Zot:5)
  A lich (Vaults:5)
  An Orb Guardian (Zot:5)
  A shadow dragon (Vaults:5)
  An azure jelly (Zig:6)
  A draconian monk (Zot:5)
  2 fire giants
  An orc warlord (Bailey)
  A spriggan defender (Depths:3)
  A draconian stormcaller (Zot:5)
  A stone giant (Vaults:5)
  A very ugly thing (Depths:3)
  A yellow draconian (Zot:5)
  A white draconian (Zot:5)
  A yaktaur captain (Vaults:5)
  2 hydras
  A hell beast (Zig:10)
  A catoblepas (Lair:6)
  A shock serpent (Zig:4)
  A shining eye (Zig:6)
  A manticore (Shoals:4)
  A black mamba (Zig:4)
  An elephant (Lair:6)
  A merfolk siren (Shoals:4)
  A water nymph (Shoals:4)
  An eye of devastation (Zig:6)
  A naga mage (Zig:4)
  A hellion (Zig:10)
  A spectral jumping spider (Spider:4)
  4 merfolk (Shoals:4)
  A vampire (Crypt:3)
  A shadow (Vaults:3)
  Menkaure (D:5)
  An orc warrior (Bailey)
  A big kobold (D:8)
  A gnoll (Bailey)
44 creatures vanquished.

Vanquished Creatures (others)
  An ogre mage (Depths:2)
  An unseen horror (shapeshifter) (Depths:3)
  A necromancer (Depths:5)
  A guardian serpent (Desolation)
  A jumping spider (Spider:2)
  A tarantella (Spider:1)
  A redback (Spider:4)
  A water moccasin (D:9)
  An orc warrior (Vaults:5)
  An ogre (Depths:2)
  2 centaurs
  A jelly (D:7)
  A hound (D:9)
  An orc wizard (D:11)
  A hound zombie (D:11)
  A gnoll (D:8)
  3 orcs
  3 bushes (Zot:3)
  A crawling corpse (Elf:3)
  16 fungi
  10 plants
  15 tentacles
  A withered plant (Ossuary)
66 creatures vanquished.

Grand Total: 3335 creatures vanquished

Notes
Turn   | Place    | Note
-------+----------+-------------------------------------------
     0 | D:1      | Kagerus the Minotaur Berserker began the quest for the Orb.
     0 | D:1      | Reached XP level 1. HP: 19/19 MP: 0/0
   335 | D:1      | Reached XP level 2. HP: 26/26 MP: 1/1
   569 | D:1      | Reached ** piety under Trog
   572 | D:1      | Reached skill level 5 in Axes
   695 | D:2      | Reached XP level 3. HP: 20/31 MP: 2/2
   696 | D:2      | Found a snail-covered altar of Cheibriados.
   798 | D:2      | Noticed Sigmund
   823 | D:2      | Killed Sigmund
   823 | D:2      | Reached XP level 4. HP: 24/39 MP: 3/3
   823 | D:2      | Reached XP level 5. HP: 28/45 MP: 4/4
  2219 | D:3      | Found a glowing silver altar of Zin.
  2223 | D:3      | Noticed an ice beast
  2245 | D:3      | Killed an ice beast
  2245 | D:3      | Reached XP level 6. HP: 20/51 MP: 5/5
  2250 | D:3      | Found a radiant altar of Vehumet.
  2320 | D:3      | Reached *** piety under Trog
  3272 | D:4      | Reached XP level 7. HP: 54/58 MP: 6/6
  3541 | D:4      | Found a hazy altar of Hepliaklqana.
  3569 | D:4      | Noticed Hydus's ghost (weakling DrAK)
  3578 | D:4      | Killed Hydus's ghost
  4008 | D:5      | Entered Level 5 of the Dungeon
  4013 | D:5      | Reached skill level 5 in Fighting
  4185 | D:5      | Found a hide-covered altar of Uskayaw.
  4186 | D:5      | Found a blossoming altar of Fedhas.
  4511 | D:5      | Got a transparent jade ring
  4715 | D:5      | Found a sand-covered staircase.
  4721 | D:5      | Reached skill level 5 in Armour
  4725 | Ossuary  | Entered an ossuary
  4760 | Ossuary  | Reached XP level 8. HP: 64/70 MP: 7/7
  4770 | Ossuary  | Reached **** piety under Trog
  5365 | D:5      | Found a white marble altar of Elyvilon.
  5434 | D:5      | Noticed Menkaure
  5445 | D:5      | Killed Menkaure
  5800 | D:5      | Identified the ring "Pihid" {*Contam rF+++ rC+ Str+4 Int+2} (You found it on level 5 of the Dungeon)
  6191 | D:6      | Noticed Grinder
  6198 | D:6      | Killed Grinder
  6198 | D:6      | Reached XP level 9. HP: 71/82 MP: 8/8
  6508 | D:6      | You fall through a shaft!
  6613 | D:7      | Found a glowing golden altar of the Shining One.
  6625 | D:7      | Reached skill level 5 in Dodging
  6641 | D:7      | Reached ***** piety under Trog
  6663 | D:7      | Noticed Duvessa
  6663 | D:7      | Noticed Dowan
  6668 | D:7      | Killed Dowan
  6672 | D:7      | Killed Duvessa
  6952 | D:7      | Found a staircase to the Ecumenical Temple.
  6994 | D:7      | Noticed Pikel
  7001 | D:7      | Killed Pikel
  7139 | D:7      | Received a gift from Trog
  7144 | D:7      | Noticed Joseph
  7161 | D:7      | Killed Joseph
  7325 | D:8      | Reached XP level 10. HP: 88/90 MP: 9/9
  7704 | D:8      | Reached skill level 10 in Dodging
  8016 | D:8      | Reached skill level 10 in Axes
  8203 | D:8      | Noticed a three-headed hydra
  8217 | D:8      | Killed a four-headed hydra
  8348 | D:8      | Reached skill level 10 in Armour
  8382 | D:9      | Noticed McKennaii's ghost (journeyman DrCj)
  8422 | D:9      | Killed McKennaii's ghost
  8683 | D:9      | Found a staircase to the Lair.
  8732 | D:9      | Reached XP level 11. HP: 80/95 MP: 10/10
  8857 | D:9      | Found a staircase to the Orcish Mines.
  9011 | D:9      | Found a sacrificial altar of Ru.
  9144 | D:9      | Found a snail-covered altar of Cheibriados.
  9257 | D:9      | Found a stormy altar of Qazlal.
  9315 | D:10     | Entered Level 10 of the Dungeon
  9982 | D:10     | Received a gift from Trog
 10163 | D:11     | Found Doptyh's Distillery.
 10195 | D:11     | Bought a potion of heal wounds for 75 gold pieces
 10195 | D:11     | Bought a potion of curing for 45 gold pieces
 10195 | D:11     | Bought a potion of might for 60 gold pieces
 10220 | D:11     | Noticed a cyan ugly thing
 10228 | D:11     | Killed a cyan ugly thing
 10358 | D:11     | Noticed an eight-headed hydra
 10368 | D:11     | Killed an eight-headed hydra
 10387 | D:11     | Found Min Meidil's Demolitions Depot.
 10488 | D:11     | Found a sparkling altar of Nemelex Xobeh.
 10546 | D:11     | Found a flagged portal.
 10559 | Bailey   | Entered a bailey
 10583 | Bailey   | Noticed WobbleTop's ghost (novice VSAs)
 10591 | Bailey   | Killed WobbleTop's ghost
 10955 | Bailey   | Reached ****** piety under Trog
 10955 | Bailey   | Received a gift from Trog
 11058 | Bailey   | Noticed an orc warlord
 11078 | Bailey   | Killed an orc warlord
 11164 | Bailey   | Identified a scroll of acquirement
 11416 | D:11     | Noticed Erica
 11423 | D:11     | Killed Erica
 11622 | D:11     | Killed an unseen horror
 12584 | D:12     | Reached XP level 12. HP: 63/103 MP: 11/11
 12741 | D:12     | Got a warped cloak
 12752 | D:12     | Identified the cursed +0 cloak of Yfoeditip {Slay+4} (You found it on level 12 of the Dungeon)
 12768 | D:12     | Noticed Nessos
 12777 | D:12     | Killed Nessos
 12993 | D:12     | Noticed a two-headed ogre
 12999 | D:12     | Killed a two-headed ogre
 13145 | D:12     | Reached skill level 15 in Axes
 13467 | D:12     | Received a gift from Trog
 13650 | D:12     | Found a snail-covered altar of Cheibriados.
 13914 | Lair:1   | Entered Level 1 of the Lair of Beasts
 14265 | Lair:1   | Noticed Nergalle
 14273 | Lair:1   | Killed Nergalle
 14273 | Lair:1   | Reached XP level 13. HP: 89/110 MP: 12/12
 14929 | Lair:2   | Found a hole to the Spider Nest.
 15030 | Lair:2   | Reached skill level 15 in Armour
 15084 | Lair:2   | Noticed Wabnappa's ghost (journeyman DsBe)
 15311 | Lair:2   | Killed Wabnappa's ghost
 15966 | Lair:3   | Received a gift from Trog
 16367 | Lair:3   | Found a snail-covered altar of Cheibriados.
 17671 | Lair:4   | You fall through a shaft for 2 floors!
 17671 | Lair:6   | Entered Level 6 of the Lair of Beasts
 17774 | Lair:6   | Reached XP level 14. HP: 77/119 MP: 13/13
 17775 | Lair:6   | Noticed Snorg
 17777 | Lair:6   | Reached skill level 10 in Fighting
 17792 | Lair:6   | Killed Snorg
 17831 | Lair:6   | Found a dark tunnel.
 17838 | Volcano  | Entered a volcano
 18271 | Volcano  | Found a radiant altar of Vehumet.
 18561 | Lair:5   | Received a gift from Trog
 18891 | Lair:4   | Found a staircase to the Shoals.
 19258 | Lair:5   | Found a staircase to the Slime Pits.
 19258 | Lair:5   | Found a viscous altar of Jiyva.
 20502 | Lair:6   | Reached XP level 15. HP: 125/138 MP: 14/14
 20583 | Lair:6   | Received a gift from Trog
 21091 | Orc:1    | Entered Level 1 of the Orcish Mines
 21150 | Orc:2    | Entered Level 2 of the Orcish Mines
 21322 | Orc:1    | Noticed an orc warlord
 21347 | Orc:1    | Reached skill level 15 in Fighting
 21355 | Orc:1    | Killed an orc warlord
 21494 | Orc:1    | Paralysed by an orc sorcerer for 6 turns
 21840 | Orc:2    | Found a staircase to the Elven Halls.
 21955 | Orc:2    | Found Efeo's Magic Scroll Emporium.
 21957 | Orc:2    | Found Kag Kisch's Distillery.
 22165 | Orc:2    | Noticed Azrael
 22171 | Orc:2    | Killed Azrael
 22173 | Orc:2    | Received a gift from Trog
 22941 | Orc:2    | Found Veidoirph's Antique Weapon Shop.
 22941 | Orc:2    | Found Ittoxega's Book Boutique.
 22941 | Orc:2    | Found a one-way gate leading to the halls of Pandemonium.
 23008 | Orc:2    | Bought a scroll of teleportation for 42 gold pieces
 23008 | Orc:2    | Bought a scroll of identify for 28 gold pieces
 23008 | Orc:2    | Bought a scroll of teleportation for 42 gold pieces
 23008 | Orc:2    | Bought a scroll of recharging for 133 gold pieces
 23010 | Orc:2    | Bought a potion of curing for 45 gold pieces
 23010 | Orc:2    | Bought a potion of curing for 45 gold pieces
 23010 | Orc:2    | Bought a potion of curing for 45 gold pieces
 23010 | Orc:2    | Bought a potion of curing for 45 gold pieces
 23730 | Lair:6   | Got a transparent scale mail
 23741 | Lair:6   | Identified the +6 scale mail "Virichel" {MR- Dex+3 SInv} (You found it on level 6 of the Lair of Beasts)
 23794 | Lair:5   | Received a gift from Trog
 24596 | D:13     | Found a gate to the Vaults.
 25277 | D:14     | Reached XP level 16. HP: 140/155 MP: 15/15
 25292 | D:14     | Noticed Josephine
 25297 | D:14     | Killed Josephine
 25714 | Lair:1   | Reached skill level 15 in Dodging
 25714 | Lair:1   | Reached XP level 17. HP: 161/161 MP: 16/16
 26018 | D:15     | Entered Level 15 of the Dungeon
 26162 | D:14     | Found a basalt altar of Yredelemnul.
 26164 | D:14     | Found Kauluit's Evil Emporium.
 26900 | D:15     | Found a staircase to the Depths.
 27046 | D:15     | Received a gift from Trog
 27640 | Spider:1 | Entered Level 1 of the Spider Nest
 29596 | Spider:2 | Received a gift from Trog
 31587 | Spider:3 | Received a gift from Trog
 31587 | Spider:3 | Reached XP level 18. HP: 137/169 MP: 17/17
 33220 | Spider:4 | Entered Level 4 of the Spider Nest
 33470 | Spider:4 | Received a gift from Trog
 33628 | Spider:4 | Got a gossamer rune of Zot
 34326 | Spider:4 | Received a gift from Trog
 35321 | Shoals:1 | Entered Level 1 of the Shoals
 35545 | Shoals:1 | Found Atzeblin's Magic Scroll Emporium.
 35563 | Shoals:1 | Bought a scroll of blinking for 75 gold pieces
 35563 | Shoals:1 | Bought a scroll of blinking for 75 gold pieces
 35563 | Shoals:1 | Bought a scroll of blinking for 75 gold pieces
 36123 | Shoals:1 | Reached XP level 19. HP: 175/177 MP: 18/18
 36674 | Shoals:2 | Received a gift from Trog
 36677 | Shoals:2 | Got a crystal great sword {god gift}
 36678 | Shoals:2 | Identified the +4 great sword "Atampeme" {slice, rN+ MR- Str+4 Dex+7} (Trog gifted it to you on level 2 of the Shoals)
 37799 | Shoals:3 | Received a gift from Trog
 39194 | Shoals:4 | Entered Level 4 of the Shoals
 39959 | Shoals:4 | Received a gift from Trog
 40029 | Shoals:4 | Got a barnacled rune of Zot
 41199 | Shoals:4 | Noticed Ilsuiw
 41247 | Shoals:4 | Received a gift from Trog
 41248 | Shoals:4 | Killed Ilsuiw
 41519 | Shoals:4 | Got a smoking battleaxe
 41732 | Shoals:4 | Identified the +8 battleaxe of Gravity {freeze, MR- Str-5 Int+5 Dex+4} (You found it on level 4 of the Shoals)
 42125 | Vaults:1 | Entered Level 1 of the Vaults
 42599 | Vaults:1 | Reached XP level 20. HP: 170/184 MP: 19/19
 44604 | Vaults:2 | Found a portal to a secret trove of treasure.
 44741 | Vaults:2 | Received a gift from Trog
 44960 | Vaults:2 | Noticed Saint Roka
 44964 | Vaults:2 | Killed Saint Roka
 45380 | Vaults:2 | Found Idoluerre's Food Shoppe.
 45489 | Vaults:2 | Received a gift from Trog
 47000 | Vaults:3 | Received a gift from Trog
 47013 | Vaults:3 | Reached skill level 27 in Axes
 47168 | Vaults:3 | Reached XP level 21. HP: 184/191 MP: 6/20
 47251 | Vaults:3 | Got a brightly glowing scale mail
 48005 | Vaults:3 | Identified the +2 scale mail "Ipaesauc" {rElec} (You found it on level 3 of the Vaults)
 48175 | Vaults:3 | Received a gift from Trog
 48711 | Vaults:3 | Found a staircase to the Crypt.
 49922 | Vaults:4 | Received a gift from Trog
 50991 | Depths:1 | Entered Level 1 of the Depths
 51633 | Depths:1 | Received a gift from Trog
 51639 | Depths:1 | Reached XP level 22. HP: 183/206 MP: 7/21
 51783 | Depths:1 | Found a sparkling altar of Nemelex Xobeh.
 52026 | Depths:1 | Found a gateway to a ziggurat.
 52153 | Depths:1 | Found a gateway to Hell.
 52750 | Zig:1    | Entered Level 1 of a ziggurat
 52851 | Zig:2    | Entered Level 2 of a ziggurat
 52870 | Zig:2    | Got a smoking steel ring
 52871 | Zig:2    | Identified the ring of Ymmie {-Tele MR+ Int+3 Dex+9} (You found it on level 2 of a ziggurat)
 52987 | Zig:3    | Entered Level 3 of a ziggurat
 53289 | Zig:4    | Entered Level 4 of a ziggurat
 53449 | Zig:5    | Entered Level 5 of a ziggurat
 53455 | Zig:5    | Noticed a caustic shrike
 53462 | Zig:5    | Killed a caustic shrike
 53521 | Zig:6    | Entered Level 6 of a ziggurat
 53560 | Zig:6    | Got an ebony executioner's axe
 53562 | Zig:6    | Identified the cursed +1 executioner's axe "Ciuryel" {flame, rN+ MR+ Str-4 Stlth+} (You found it on level 6 of a ziggurat)
 53569 | Zig:6    | Got an encrusted scale mail
 53570 | Zig:6    | Identified the +1 scale mail of Unambiguity {*Contam rF++ rC+ Regen+} (You found it on level 6 of a ziggurat)
 53619 | Zig:7    | Entered Level 7 of a ziggurat
 53627 | Zig:7    | Noticed a juggernaut
 53636 | Zig:7    | Killed a juggernaut
 53638 | Zig:7    | Received a gift from Trog
 53772 | Zig:8    | Entered Level 8 of a ziggurat
 53808 | Zig:8    | Identified the Tome of Execration
 53829 | Zig:8    | Got a slimy jade ring
 53842 | Zig:8    | Identified the ring of Xom's Righteous Anger {rPois Dex-5 Slay+2 Stlth+} (You found it on level 8 of a ziggurat)
 53851 | Zig:9    | Entered Level 9 of a ziggurat
 53866 | Zig:9    | Noticed a shard shrike
 53877 | Zig:9    | Killed a shard shrike
 53909 | Zig:9    | Got a transparent marble ring
 53922 | Zig:9    | Identified the ring "Hawk" {*Tele rN+} (You found it on level 9 of a ziggurat)
 53944 | Zig:10   | Entered Level 10 of a ziggurat
 53957 | Zig:10   | Noticed Buoh the pandemonium lord
 55629 | Depths:2 | Received a gift from Trog
 55842 | Depths:2 | HP: 7/215 [yaktaur captain/bolt (16)]
 56401 | Depths:2 | Reached XP level 23. HP: 177/222 MP: 22/22
 57579 | Depths:2 | Received a gift from Trog
 59049 | Depths:3 | Found Eclot Roeru's Gadget Boutique.
 59049 | Depths:3 | Found Conkig's Jewellery Shoppe.
 59050 | Depths:3 | Found Ugiahap's Gadget Boutique.
 59394 | Depths:3 | Received a gift from Trog
 59406 | Depths:3 | Noticed a juggernaut
 59406 | Depths:3 | Noticed a caustic shrike
 59411 | Depths:3 | Killed a caustic shrike
 59417 | Depths:3 | Killed a juggernaut
 59669 | Depths:3 | Found a one-way gate to the infinite horrors of the Abyss.
 60601 | Depths:4 | Reached XP level 24. HP: 185/239 MP: 22/22
 61978 | Depths:4 | Noticed an ancient lich
 61989 | Depths:4 | Killed an ancient lich
 62530 | Depths:4 | Received a gift from Trog
 62779 | Depths:4 | Got a dazzling plate armour
 62780 | Depths:4 | Identified the +0 plate armour "Oliaciyg" {Regen+ Int+2} (You found it on level 4 of the Depths)
 62820 | Depths:4 | Reached skill level 27 in Armour
 62884 | Depths:5 | Entered Level 5 of the Depths
 63079 | Depths:5 | Noticed a juggernaut
 63086 | Depths:5 | Killed a juggernaut
 63511 | Depths:5 | Received a gift from Trog
 63744 | Depths:5 | Found a sparkling altar of Nemelex Xobeh.
 64450 | Depths:5 | Found a gate to the Realm of Zot.
 64793 | Vaults:2 | You paid a toll of 14 scrolls of teleportation to enter a treasure trove
 64794 | Trove    | Entered a treasure trove
 64806 | Trove    | Got a dazzling battleaxe
 64808 | Trove    | Got a fine battleaxe
 64825 | Trove    | Identified the +3 battleaxe "Jakimaog" {antimagic, *Contam rC+ Str+4} (You found it in a treasure trove)
 64826 | Trove    | Identified the +5 battleaxe "Gooviula" {pain, rF+ Str-3 Dex+2 Stlth+} (You found it in a treasure trove)
 64862 | Trove    | Got a faintly glowing war axe
 64863 | Trove    | Identified the +5 war axe "Ibbeiggi" {chop, Dex+4} (You found it in a treasure trove)
 65100 | Elf:1    | Entered Level 1 of the Elven Halls
 65240 | Elf:1    | Found a ruined gateway.
 65255 | Desolati | Entered the Desolation of Salt
 65295 | Desolati | Reached XP level 25. HP: 247/247 MP: 22/22
 65325 | Desolati | Received a gift from Trog
 65433 | Desolati | Received a gift from Trog
 65458 | Desolati | Got an encrusted plate armour
 65746 | Desolati | Got a faintly glowing lead ring
 65839 | Desolati | Identified the +0 plate armour of Action {Int+6} (You found it in the Desolation of Salt)
 65841 | Desolati | Got a bound granite ring
 66056 | Elf:1    | Identified the ring "Huyguch" {rF+ MP+9 Slay+2} (You found it in the Desolation of Salt)
 66084 | Elf:1    | Identified the ring of Aduoh {rF+ Stlth-} (You found it in the Desolation of Salt)
 66208 | Elf:1    | Received a gift from Trog
 66353 | Elf:1    | Noticed Louise
 66362 | Elf:1    | Killed Louise
 66501 | Elf:1    | Received a gift from Trog
 66866 | Elf:2    | Found Zaebaref's General Store.
 66869 | Elf:2    | Found Taaw's Distillery.
 66876 | Elf:2    | Found a flickering gateway to a bazaar.
 66889 | Bazaar   | Entered a bazaar
 66891 | Bazaar   | Found Uqol's Assorted Antiques.
 66895 | Bazaar   | Found Wuamnouge's General Store.
 66899 | Bazaar   | Bought a scroll of teleportation for 87 gold pieces
 66899 | Bazaar   | Bought a potion of heal wounds for 145 gold pieces
 66907 | Bazaar   | Found Jacuazew's Weapon Shop.
 66911 | Bazaar   | Found Piwyl's Assorted Antiques.
 66946 | Bazaar   | Found Kipn's Food Boutique.
 66969 | Bazaar   | Bought a scroll of enchant weapon for 217 gold pieces
 66976 | Bazaar   | Bought a potion of curing for 36 gold pieces
 66991 | Bazaar   | Bought a scroll of teleportation for 111 gold pieces
 66991 | Bazaar   | Bought a scroll of blinking for 277 gold pieces
 67219 | Elf:2    | Bought a potion of curing for 39 gold pieces
 67322 | Elf:2    | Noticed Roxanne
 67375 | Elf:2    | Killed Roxanne
 67376 | Elf:2    | Identified Roxanne's Reference Book on the Mountains (You took it off Roxanne on level 2 of the Elven Halls)
 67385 | Elf:2    | Found Cerr's Antique Weapon Shoppe.
 67606 | Elf:2    | Got a steaming dagger
 67607 | Elf:2    | Identified the +8 dagger of Luxury {pierce, -Tele MR- Int+8 Dex+3} (You found it on level 2 of the Elven Halls)
 67793 | Elf:2    | Received a gift from Trog
 67986 | Elf:2    | Found a huge runed gate.
 67986 | Elf:2    | Found a huge runed gate.
 67986 | Elf:2    | Found a huge runed gate.
 67989 | Elf:2    | Found a huge runed gate.
 68128 | Elf:2    | Found a huge runed gate.
 68809 | Elf:3    | Entered Level 3 of the Elven Halls
 69262 | Elf:3    | Found Gitzowuy's Goods Gallery.
 69669 | Elf:3    | Received a gift from Trog
 69685 | Elf:3    | Got a warped battleaxe {god gift}
 69686 | Elf:3    | Identified the +6 battleaxe "Caurae" {venom, rC+ MR+ Str-3 Dex+4} (Trog gifted it to you on level 3 of the Elven Halls)
 69760 | Elf:3    | Noticed Asterion
 69841 | Elf:3    | Killed Asterion
 70020 | Elf:3    | Got a warped plate armour
 70021 | Elf:3    | Identified the +2 plate armour of Action {rN+ MR+} (You took it off a deep elf blademaster on level 3 of the Elven Halls)
 70325 | Elf:3    | Got a crude silver ring
 70682 | Vaults:5 | Entered Level 5 of the Vaults
 70684 | Vaults:5 | Noticed ANON1729's ghost (legendary TeFE)
 70687 | Vaults:5 | Reached XP level 26. HP: 242/258 MP: 7/22
 70687 | Vaults:5 | Received a gift from Trog
 70697 | Vaults:5 | Killed ANON1729's ghost
 71294 | Vaults:4 | Identified the ring "Ezorik" {*Contam rPois rN+ MP+9} (You took it off a deep elf death mage on level 3 of the Elven Halls)
 71432 | Vaults:5 | Received a gift from Trog
 72496 | Vaults:5 | Received a gift from Trog
 72535 | Vaults:5 | Received a gift from Trog
 72597 | Vaults:5 | Got a silver rune of Zot
 72630 | Vaults:5 | Found Bonuceve's Armour Boutique.
 72742 | Vaults:5 | Got a shimmering chain mail
 72743 | Vaults:5 | Identified the +3 chain mail of the Midnight Sun {rElec rF- rN++ Dex-3} (You found it on level 5 of the Vaults)
 72918 | Vaults:5 | Reached skill level 27 in Fighting
 72989 | Vaults:5 | Got a steaming brass ring
 73243 | Vaults:5 | Got a slimy lapis lazuli ring
 73735 | Shoals:1 | Bought a scroll of identify for 20 gold pieces
 73735 | Shoals:1 | Bought a scroll of identify for 20 gold pieces
 73735 | Shoals:1 | Bought a scroll of identify for 20 gold pieces
 73735 | Shoals:1 | Bought a scroll of identify for 20 gold pieces
 73736 | Shoals:1 | Identified the ring "Gekiehack" {rCorr +Fly Str-5 Int+2 Dex+3} (You found it on level 5 of the Vaults)
 73737 | Shoals:1 | Identified the ring of Cezif {rPois Dex+4 Slay+3} (You found it on level 5 of the Vaults)
 74148 | Crypt:1  | Entered Level 1 of the Crypt
 74249 | Crypt:1  | Reached XP level 27. HP: 262/273 MP: 22/22
 74568 | Crypt:1  | Received a gift from Trog
 75310 | Crypt:3  | Entered Level 3 of the Crypt
 75343 | Crypt:3  | Found a staircase to the Tomb.
 75914 | Crypt:3  | Received a gift from Trog
 75930 | Crypt:3  | Noticed Jory
 75938 | Crypt:3  | Killed Jory
 76346 | Crypt:3  | Received a gift from Trog
 77231 | Zot:1    | Entered Level 1 of the Realm of Zot
 77529 | Zot:1    | Noticed Gargoyl's ghost (master MiAK)
 77551 | Zot:1    | Killed Gargoyl's ghost
 78770 | Zot:2    | Reached skill level 27 in Dodging
 78770 | Zot:2    | Reached skill level 1 in Evocations
 79566 | Zot:2    | Reached skill level 5 in Evocations
 79625 | Zot:2    | Received a gift from Trog
 81235 | Zot:3    | Reached skill level 10 in Evocations
 82762 | Zot:4    | Received a gift from Trog
 83218 | Zot:5    | Entered Level 5 of the Realm of Zot
 83385 | Zot:5    | Reached skill level 15 in Evocations
 83505 | Zot:5    | Noticed an ancient lich
 83528 | Zot:5    | Killed an ancient lich
 83780 | Zot:5    | Noticed an ancient lich
 83788 | Zot:5    | Killed an ancient lich
 84321 | Zot:5    | Noticed an orb of fire
 84323 | Zot:5    | Gained mutation: Armour fits poorly on your strangely shaped body. [an orb of fire]
 84327 | Zot:5    | Gained mutation: You expend magic power (3 MP) to strengthen your wands. [an orb of fire]
 84334 | Zot:5    | Received a gift from Trog
 84346 | Zot:5    | Gained mutation: Your magical capacity is low. (-10% MP) [an orb of fire]
 84348 | Zot:5    | Killed an orb of fire
 84392 | Zot:5    | Noticed an orb of fire
 84395 | Zot:5    | Noticed an orb of fire
 84400 | Zot:5    | Gained mutation: Your spells are a little easier to cast, but a little less powerful. [an orb of fire]
 84400 | Zot:5    | Gained mutation: You are clumsy. (Dex -2) [an orb of fire]
 84405 | Zot:5    | Killed an orb of fire
 84408 | Zot:5    | Killed an orb of fire
 84811 | Zot:5    | Got the Orb of Zot
 85476 | D:3      | Received a gift from Trog
 85589 | D:$      | Escaped with the Orb!

Skill      XL: |  1  2  3  4  5  6  7  8  9 10 11 12 13 14 15 16 17 18 19 20 21 22 23 24 25 26 27 |
---------------+----------------------------------------------------------------------------------+-----
Axes           | 4 5 7 8 9 11 13 16 18 21 23 25 27 | 27.0
Fighting       | 6 8 9 14 17 19 21 24 25 27 | 27.0
Armour         | 5 8 11 13 14 15 17 19 20 21 23 24 25 27 | 27.0
Dodging        | 9 10 12 14 15 18 21 23 27 | 27.0
Evocations     | 20 | 20.1

Action                   |  1- 3 |  4- 6 |  7- 9 | 10-12 | 13-15 | 16-18 | 19-21 | 22-24 | 25-27 || total
-------------------------+-------+-------+-------+-------+-------+-------+-------+-------+-------++-------
Melee: Hand axe          |    64 |   101 |       |       |       |       |       |       |       ||   165
       Headbutt          |     7 |    13 |    77 |   100 |   208 |   201 |   364 |   402 |   733 ||  2105
       War axe           |       |    32 |   348 |   164 |       |       |       |       |       ||   544
       Executioner's axe |       |       |       |   297 |   672 |   620 |  1081 |  1050 |  1897 ||  5617
       Scimitar          |       |       |       |       |    29 |       |       |       |       ||    29
       Battleaxe         |       |       |       |       |       |     9 |     7 |     8 |       ||    24
Throw: Throwing net      |       |     2 |     1 |     1 |       |       |       |       |       ||     4
       Javelin           |       |       |       |     3 |       |    27 |       |     1 |    19 ||    50
       Tomahawk          |       |       |       |       |       |       |     5 |       |       ||     5
Invok: Berserk           |     1 |     1 |     2 |     2 |     5 |       |     6 |    10 |    14 ||    41
       Brothers in Arms  |       |       |     1 |     4 |     1 |     1 |     4 |     8 |     8 ||    27
       Trog's Hand       |       |       |       |     4 |     2 |     1 |     8 |    10 |    36 ||    61
       Burn Spellbooks   |       |       |       |     2 |       |       |     4 |     2 |    17 ||    25
Evoke: Wand              |       |       |       |       |     5 |     4 |     7 |     1 |    15 ||    32
       Lightning rod     |       |       |       |       |       |     4 |     9 |     6 |     1 ||    20
       Phantom mirror    |       |       |       |       |       |       |       |       |     2 ||     2
  Use: Scroll            |       |       |    23 |     8 |     7 |    12 |    12 |    44 |    35 ||   141
       Potion            |       |       |       |     1 |       |     2 |     4 |     6 |    12 ||    25
 Stab: Distracted        |       |       |       |     1 |       |       |     1 |     2 |     2 ||     6
       Petrified         |       |       |       |       |     9 |       |       |       |       ||     9
       Petrifying        |       |       |       |       |     1 |       |       |       |       ||     1
       Confused          |       |       |       |       |       |       |     1 |     3 |       ||     4
       Invisible         |       |       |       |       |       |       |       |       |     1 ||     1
  Eat: Chunk             |       |     9 |    12 |    18 |    19 |     5 |    33 |    14 |    10 ||   120
       Royal jelly       |       |       |     2 |     2 |       |     2 |     7 |     3 |     9 ||    25
       Fruit             |       |       |       |     1 |    30 |    24 |       |       |    11 ||    66
       Meat ration       |       |       |       |     1 |       |     1 |       |     1 |     7 ||    10
       Bread ration      |       |       |       |       |       |       |     3 |     9 |     6 ||    18
Armor: Animal skin       |    27 |    33 |     1 |       |       |       |       |       |       ||    61
       Chain mail        |       |       |   147 |    23 |       |       |       |       |       ||   170
       Plate armour      |       |       |       |   241 |   458 |   567 |   533 |   282 |       ||  2081
       Gold dragon scale |       |       |       |       |       |       |       |   175 |   972 ||  1147
Dodge: Dodged            |    52 |    77 |   111 |   310 |   521 |   800 |   845 |   596 |  1373 ||  4685
Block: Other             |       |       |       |       |    73 |    93 |   107 |    84 |   164 ||   521
       Reflection        |       |       |       |       |     5 |     1 |    15 |     9 |    14 ||    44
       Rpst.: Executioner's axe |       |       |       |    27 |   102 |   127 |   139 |    79 |   231 ||   705
       Scimitar          |       |       |       |       |    13 |       |       |       |       ||    13
       Battleaxe         |       |       |       |       |       |     1 |       |     1 |       ||     2
